 Dungeon Crawl Stone Soup version 0.23.2-1-ga50397a6bc (webtiles) character file.

Game seed: 13308974603406279891

3442 Mrkan the Spear-Bearer (level 9, -2/83 HPs)
             Began as a Minotaur Berserker on May 20, 2019.
             Was a High Priest of Trog.
             Blown up by an orc warrior (16 damage)
             ... with a wand of disintegration (2)
             ... on level 7 of the Dungeon.
             The game lasted 00:13:18 (5985 turns).

Mrkan the Spear-Bearer (Minotaur Berserker)         Turns: 5985, Time: 00:13:19

Health: -2/83      AC: 14    Str: 25    XL:     9   Next: 77%
Magic:  17/17      EV: 13    Int:  4    God:    Trog [*****.]
Gold:   329        SH:  0    Dex: 21    Spells: 8/8 levels left

rFire    + . .     SeeInvis .   a - +1 spear
rCold    + . .     Gourm    .   (no shield)
rNeg     + . .     Faith    .   d - +0 plate armour
rPois    .         Spirit   .   (helmet restricted)
rElec    .         Reflect  .   j - scarf {rC+ rF+}
rCorr    .         Harm     .   (no gloves)
MR       .....                  (no boots)
Stlth    ..........             (no amulet)
HPRegen  0.23/turn              r - +4 ring of dexterity
MPRegen  0.15/turn              x - ring "Jukluimiv" {rN+ MP+9 Dex+2 Stlth+}

@: agile
A: retaliatory headbutt, horns 2
a: Berserk, Trog's Hand, Brothers in Arms, Renounce Religion


You were on level 7 of the Dungeon.
You worshipped Trog.
Trog was extremely pleased with you.
You were not hungry.

You visited 1 branch of the dungeon, and saw 7 of its levels.

You collected 329 gold pieces.

Inventory:

Hand Weapons
 a - a +1 spear (weapon)
 b - a +0 halberd
 y - a +1 dire flail of protection
Armour
 d - a +0 plate armour (worn)
 j - a scarf of resistance (worn)
 t - a +2 cloak
Jewellery
 r - a +4 ring of dexterity (left hand)
 x - the ring "Jukluimiv" (right hand) {rN+ MP+9 Dex+2 Stlth+}
   (You found it on level 4 of the Dungeon)

   [ring of stealth]

   It affects your dexterity (+2).
   It protects you from negative energy.
   It affects your magic capacity (+9).
   It makes you more stealthy.
 z - a +3 ring of strength
Wands
 e - a wand of random effects (27)
 u - a wand of acid (18)
 w - a wand of paralysis (9)
 D - a wand of polymorph (10)
Scrolls
 f - a scroll of fear
 k - 2 scrolls of teleportation
 m - a scroll of magic mapping
 o - 3 scrolls of immolation
 s - a scroll of fog
 A - 2 scrolls of remove curse
Potions
 h - 2 potions of lignification
 i - 2 potions of curing
 n - 2 potions of magic
 p - a potion of brilliance {unknown}
 q - 4 potions of haste
 B - a potion of cancellation
 E - a potion of resistance {unknown}
Comestibles
 c - 12 rations


   Skills:
 + Level 9.2 Fighting
 - Level 12.0 Polearms
 + Level 8.8 Armour
 - Level 2.1 Dodging


You had 8 spell levels left.
You didn't know any spells.
Your spell library was empty.

Dungeon Overview and Level Annotations

Branches:
Dungeon (7/15)             Temple (0/1) D:6

Altars:
Gozag

Shops:
D:7 *

Annotations:
D:7 Joseph


Innate Abilities, Weirdness & Mutations

You reflexively headbutt those who attack you in melee.
You have a pair of horns on your head.


Message History

The sling bullet hits the orc!
The orc dies!
Joseph shoots a sling bullet.
The sling bullet closely misses you.
You see here a sling bullet.
Joseph shoots a sling bullet.
The sling bullet barely misses you.
Found a stone staircase leading down.
You see here a chain mail.
You see here an adder skeleton.
Joseph says, "I'm here to kill trespassers.
I like my job."
The orc warrior zaps a wand.
You are blasted!
Joseph shoots a sling bullet.
The sling bullet hits you but does no damage.
You see here a sling bullet.
Joseph shoots a sling bullet.
The sling bullet hits you!
* * * LOW HITPOINT WARNING * * *
You see here a sling bullet.
The orc warrior zaps a wand.
You are blasted!
* * * LOW HITPOINT WARNING * * *
The orc warrior zaps a wand.
You are blasted!
You die...

*,,,,***,,,**,,,,,,,,,,,,,
*****,*******+****,,,,,,,,,,,,
***,,,,,,,**,*,,,*,**,....^.,,,,
**,,,,,*****_,+,8,+,_##......,,,*
*,,,**** **,*,,,*,##.......,,,*
,,,** **##+####........,,,* **,*
***...##.........,,,* ,,,*****
#.##.##..........,,,* ,****,.##*
#.##@#...........,,** ,*
**...####.#......oo##,,,,,**
,******#.........##..#..##*****
,,,,.###.........##...#..#
****,............##.#(##o#
####**#.............#.##(##
..,...##.....)..((......(.#
#***#.#...........###..#o.### #
#.............##........#


You could see an orc warrior and an orc.

Vanquished Creatures
  Pikel (D:6)
  Edmund (D:5)
  A sky beast (D:5)
  2 ice beasts (D:5)
  A necrophage (D:5)
  5 ogres
  2 phantoms
  6 centaurs
  Blork the orc (D:6)
  3 bullfrogs
  3 wights (D:6)
  2 crimson imps
  7 orc priests
  A jelly (D:7)
  A gnoll shaman (D:4)
  2 hounds
  4 orc wizards
  Ijyb (D:4)
  An iguana (D:5)
  Crazy Yiuf (D:3)
  6 worker ants
  A hound skeleton (D:7)
  A howler monkey skeleton (D:4)
  8 adders
  3 gnolls (D:4)
  A shadow imp (D:5)
  2 worms (D:4)
  3 dart slugs (D:1)
  11 leopard geckos
  27 orcs
  10 bats
  12 giant cockroaches
  8 goblins
  6 hobgoblins
  2 jackals (D:5)
  5 quokkas
  2 ball pythons
  12 frilled lizards
  6 kobolds
  A quokka skeleton (D:5)
  9 rats
182 creatures vanquished.

Vanquished Creatures (others)
  An orc (D:7)
1 creature vanquished.

Grand Total: 183 creatures vanquished

Notes
Turn   | Place    | Note
-------+----------+-------------------------------------------
     0 | D:1      | Mrkan the Minotaur Berserker began the quest for the Orb.
     0 | D:1      | Reached XP level 1. HP: 19/19 MP: 0/0
    81 | D:1      | Reached skill level 4 in Polearms
    81 | D:1      | Reached XP level 2. HP: 27/27 MP: 1/1
   305 | D:1      | Reached XP level 3. HP: 33/33 MP: 2/2
   307 | D:1      | Reached ** piety under Trog
   859 | D:2      | Reached skill level 5 in Polearms
   859 | D:2      | Reached XP level 4. HP: 40/40 MP: 3/3
  1081 | D:3      | Reached *** piety under Trog
  1405 | D:3      | Found a runed translucent door.
  1406 | D:3      | Noticed Crazy Yiuf
  1509 | D:3      | Found an opulent altar of Gozag.
  1627 | D:3      | Killed Crazy Yiuf
  1627 | D:3      | Reached XP level 5. HP: 14/47 MP: 4/4
  1908 | D:4      | Noticed Ijyb
  1911 | D:4      | Noticed an ogre
  1915 | D:4      | Killed Ijyb
  1915 | D:4      | Reached skill level 6 in Polearms
  1927 | D:4      | HP: 2/47 [ogre/+0 giant spiked club (21)]
  1928 | D:4      | Killed an ogre
  1928 | D:4      | Reached skill level 5 in Fighting
  1928 | D:4      | Reached XP level 6. HP: 3/56 MP: 5/5
  2406 | D:4      | Reached skill level 7 in Polearms
  2450 | D:4      | Reached skill level 5 in Armour
  2450 | D:4      | Reached XP level 7. HP: 26/61 MP: 6/6
  2833 | D:4      | Reached **** piety under Trog
  3040 | D:4      | Reached skill level 8 in Polearms
  3427 | D:4      | Got a fine platinum ring
  3554 | D:5      | Entered Level 5 of the Dungeon
  3608 | D:5      | Reached XP level 8. HP: 55/71 MP: 7/7
  3613 | D:5      | Noticed Edmund
  3651 | D:5      | Killed Edmund
  3651 | D:5      | Reached skill level 9 in Polearms
  4306 | D:5      | Reached skill level 10 in Polearms
  4470 | D:6      | Noticed Blork the orc
  4487 | D:6      | Killed Blork the orc
  4530 | D:6      | Reached XP level 9. HP: 70/81 MP: 8/8
  5131 | D:6      | Reached skill level 11 in Polearms
  5185 | D:6      | Found a staircase to the Ecumenical Temple.
  5247 | D:6      | Noticed Pikel
  5253 | D:6      | Reached ***** piety under Trog
  5269 | D:6      | Killed Pikel
  5507 | D:7      | Identified the ring "Jukluimiv" {rN+ MP+9 Dex+2 Stlth+}
                  | (You found it on level 4 of the Dungeon)
  5601 | D:7      | Found Gobluq's Assorted Antiques.
  5750 | D:7      | Reached skill level 12 in Polearms
  5763 | D:7      | Found Faessel's Assorted Antiques.
  5957 | D:7      | Noticed Joseph
  5985 | D:7      | Blown up by an orc warrior

Skill      XL: |  1  2  3  4  5  6  7  8  9 |
---------------+----------------------------+-----
Polearms       | 4 5 6 7 8 10 12 | 12.0
Fighting       | 4 5 6 7 9 |  9.2
Armour         | 3 4 5 6 7 8 |  8.8
Dodging        | |  2.1

Action                   |  1- 3 |  4- 6 |  7- 9 || total
-------------------------+-------+-------+-------++-------
Melee: Spear             |   110 |   155 |   381 ||   646
       Headbutt          |    16 |    38 |   116 ||   170
  Use: Scroll            |       |     4 |    15 ||    19
       Potion            |       |       |     1 ||     1
  Eat: Chunk             |       |     3 |     5 ||     8
       Ration            |       |     1 |     2 ||     3
Armor: Plate armour      |    88 |    72 |   173 ||   333
Dodge: Dodged            |    57 |    45 |   112 ||   214
